[ PARTIDA AOE2 · #483287151 ]
1v1 RMPolacos vs Poles
Equipo del jugador · VICT
Equipo rival · DERR
[ ANÁLISIS DE REPETICIÓN · EXTRAÍDO DE LA PARTIDA GRABADA ]
Feudal
—
Castillos
—
Imperial
—
| APM promedio | 31.5 |
| APM pico | 85 |
| eAPM promedio | 14.3 |
| Aldeanos / militares | 43 / 28 |
Foco
⚔️ 21.2% · 🌾 78.8%
Spearman ×12 · Militia ×3 · Skirmisher ×3 · Cavalry Archer ×3 · Obuch ×3 · Archer ×2
Feudal
—
Castillos
—
Imperial
—
| APM promedio | 15.3 |
| APM pico | 33 |
| eAPM promedio | 9.3 |
| Aldeanos / militares | 31 / 15 |
Foco
⚔️ 16.8% · 🌾 83.2%
Spearman ×6 · Militia ×6 · Scout Cavalry ×3
Mapa de la partida
Recursos al inicio + cada clic de construcción. Línea gruesa = muro · recuadro discontinuo = muro de casas detectado. 🟡 oro · ⚪ piedra · 🟢 bayas · 🔶 jabalí · ⭕ reliquia
Inputs por minuto
— electricwar1755 - - dataat
Build order — electricwar1755
112 acciones detectadas en el replay
| 0:02 | Crear | Villager (Male) |
| 0:02 | Crear | Villager (Male) |
| 0:02 | Crear | Villager (Male) |
| 0:03 | Crear | Villager (Male) |
| 0:03 | Crear | Villager (Male) |
| 0:06 | Construir | House |
| 0:11 | Construir | House |
| 1:39 | Crear | Villager (Male) |
| 1:53 | Construir | Lumber Camp |
| 2:05 | Crear | Villager (Male) |
| 2:45 | Crear | Villager (Male) |
| 2:46 | Crear | Villager (Male) |
| 3:12 | Crear | Villager (Male) |
| 3:12 | Crear | Villager (Male) |
| 3:12 | Crear | Villager (Male) |
| 3:22 | Construir | House |
| 3:24 | Construir | House |
| 3:38 | Crear | Villager (Male) |
| 4:04 | Crear | Villager (Male) |
| 4:36 | Construir | Mill |
| 5:06 | Crear | Villager (Male) |
| 5:06 | Crear | Villager (Male) |
| 5:39 | Crear | Villager (Male) |
| 5:39 | Crear | Villager (Male) |
| 6:29 | Investigar | Loom |
| 6:31 | Crear | Villager (Male) |
| 7:14 | Crear | Villager (Male) |
| 7:14 | Crear | Villager (Male) |
| 7:35 | Crear | Villager (Male) |
| 8:51 | Construir | Mining Camp |
| 9:04 | Investigar | Feudal Age |
| 9:14 | Construir | Barracks |
| 9:20 | Construir | House |
| 10:10 | Crear | Villager (Male) |
| 10:10 | Crear | Villager (Male) |
| 10:36 | Crear | Militia |
| 10:36 | Crear | Militia |
| 10:36 | Crear | Militia |
| 11:06 | Crear | Villager (Male) |
| 11:07 | Crear | Villager (Male) |
| 11:21 | Construir | Mill |
| 11:30 | Crear | Spearman |
| 11:31 | Crear | Spearman |
| 11:43 | Construir | Market |
| 11:50 | Crear | Villager (Male) |
| 11:51 | Crear | Villager (Male) |
| 12:03 | Crear | Spearman |
| 12:03 | Crear | Spearman |
| 12:30 | Crear | Spearman |
| 12:41 | Construir | Farm |
| 12:45 | Construir | Farm |
| 13:04 | Construir | Farm |
| 13:08 | Construir | Farm |
| 14:26 | Construir | Blacksmith |
| 14:29 | Investigar | Wheelbarrow |
| 15:18 | Crear | Villager (Male) |
| 15:18 | Crear | Villager (Male) |
| 15:25 | Construir | Farm |
| 15:29 | Investigar | Double-Bit Axe |
| 15:52 | Construir | Mining Camp |
| 16:49 | Investigar | Forging |
| 16:53 | Crear | Villager (Male) |
| 16:53 | Crear | Villager (Male) |
| 17:59 | Crear | Villager (Male) |
| 17:59 | Crear | Villager (Male) |
| 18:10 | Construir | Farm |
| 18:12 | Construir | Farm |
| 18:13 | Construir | Farm |
| 18:15 | Construir | Farm |
| 18:16 | Construir | Farm |
| 18:30 | Construir | Farm |
| 19:47 | Construir | Stable |
| 19:59 | Investigar | Castle Age |
| 20:03 | Crear | Spearman |
| 20:04 | Crear | Spearman |
| 20:04 | Crear | Spearman |
| 20:18 | Construir | Archery Range |
| 20:28 | Crear | Villager (Male) |
| 20:35 | Crear | Spearman |
| 20:49 | Crear | Spearman |
| 20:49 | Crear | Spearman |
| 20:53 | Crear | Skirmisher |
| 21:06 | Construir | Watch Tower |
| 21:13 | Crear | Skirmisher |
| 21:14 | Crear | Skirmisher |
| 21:30 | Crear | Spearman |
| 21:45 | Construir | Farm |
| 21:53 | Construir | House |
| 21:55 | Construir | House |
| 22:06 | Crear | Villager (Male) |
| 22:06 | Crear | Villager (Male) |
| 22:07 | Crear | Villager (Male) |
| 22:43 | Crear | Cavalry Archer |
| 22:43 | Crear | Cavalry Archer |
| 22:43 | Crear | Cavalry Archer |
| 23:16 | Crear | Archer |
| 23:17 | Crear | Archer |
| 23:54 | Construir | Castle |
| 23:59 | Crear | Knight |
| 23:59 | Crear | Knight |
| 24:25 | Construir | Farm |
| 24:27 | Crear | Villager (Male) |
| 24:27 | Crear | Villager (Male) |
| 24:28 | Crear | Villager (Male) |
| 24:28 | Crear | Villager (Male) |
| 24:28 | Crear | Villager (Male) |
| 24:36 | Construir | House |
| 24:38 | Construir | House |
| 24:44 | Investigar | Man-at-Arms (upgrade) |
| 25:22 | Crear | Obuch |
| 25:23 | Crear | Obuch |
| 25:23 | Crear | Obuch |
Build order — dataat
81 acciones detectadas en el replay
| 0:02 | Crear | Villager (Male) |
| 0:03 | Crear | Villager (Male) |
| 0:03 | Crear | Villager (Male) |
| 0:03 | Crear | Villager (Male) |
| 0:32 | Construir | House |
| 1:06 | Construir | House |
| 1:42 | Construir | House |
| 1:46 | Construir | House |
| 1:49 | Construir | House |
| 2:03 | Crear | Villager (Male) |
| 2:48 | Crear | Villager (Male) |
| 3:19 | Construir | Mill |
| 3:26 | Crear | Villager (Male) |
| 3:42 | Crear | Villager (Male) |
| 3:45 | Investigar | Loom |
| 4:03 | Crear | Villager (Male) |
| 4:38 | Crear | Villager (Male) |
| 4:39 | Crear | Villager (Male) |
| 5:07 | Crear | Villager (Male) |
| 5:22 | Crear | Villager (Male) |
| 6:09 | Crear | Villager (Male) |
| 6:10 | Crear | Villager (Male) |
| 6:10 | Crear | Villager (Male) |
| 8:36 | Construir | Lumber Camp |
| 9:15 | Investigar | Feudal Age |
| 11:08 | Construir | Lumber Camp |
| 11:26 | Construir | Mining Camp |
| 11:32 | Crear | Villager (Male) |
| 11:32 | Crear | Villager (Male) |
| 11:32 | Crear | Villager (Male) |
| 11:33 | Crear | Villager (Male) |
| 12:15 | Construir | Watch Tower |
| 12:56 | Construir | Mining Camp |
| 14:02 | Crear | Villager (Male) |
| 14:02 | Crear | Villager (Male) |
| 14:50 | Construir | Farm |
| 15:10 | Construir | Market |
| 15:31 | Investigar | Double-Bit Axe |
| 15:43 | Investigar | Gold Mining |
| 15:59 | Crear | Villager (Male) |
| 16:00 | Crear | Villager (Male) |
| 16:00 | Crear | Villager (Male) |
| 16:34 | Construir | Barracks |
| 17:08 | Crear | Spearman |
| 17:09 | Crear | Spearman |
| 17:09 | Crear | Spearman |
| 17:09 | Crear | Militia |
| 17:10 | Crear | Militia |
| 17:34 | Construir | Stable |
| 18:05 | Crear | Spearman |
| 18:05 | Crear | Militia |
| 18:34 | Construir | Farm |
| 18:41 | Construir | Farm |
| 18:44 | Crear | Scout Cavalry |
| 18:58 | Construir | Watch Tower |
| 19:19 | Crear | Villager (Male) |
| 19:40 | Construir | House |
| 19:45 | Construir | House |
| 20:02 | Crear | Villager (Male) |
| 20:24 | Construir | Mining Camp |
| 20:41 | Construir | House |
| 20:46 | Construir | Farm |
| 21:07 | Construir | Farm |
| 21:13 | Construir | Farm |
| 21:19 | Construir | Farm |
| 21:25 | Crear | Villager (Male) |
| 21:25 | Crear | Villager (Male) |
| 21:57 | Construir | Farm |
| 22:08 | Crear | Scout Cavalry |
| 22:16 | Crear | Militia |
| 22:16 | Crear | Militia |
| 22:17 | Crear | Spearman |
| 23:03 | Construir | Farm |
| 23:32 | Crear | Villager (Male) |
| 23:33 | Crear | Villager (Male) |
| 23:46 | Investigar | Castle Age |
| 24:23 | Construir | Blacksmith |
| 24:39 | Crear | Spearman |
| 24:39 | Crear | Militia |
| 24:45 | Crear | Scout Cavalry |
| 25:23 | Construir | Watch Tower |
Cronología de la partida
| 9:14 | electricwar1755 · first_building Barracks |
| 16:05 | dataat · first_market_buy 100 stone |
| 16:34 | dataat · first_building Barracks |
| 17:34 | dataat · first_building Stable |
| 19:47 | electricwar1755 · first_building Stable |
| 19:56 | electricwar1755 · first_market_buy 100 food |
| 20:11 | dataat · first_market_sell 100 wood |
| 20:18 | electricwar1755 · first_building Archery Range |
| 23:54 | electricwar1755 · first_building Castle |
| 25:27 | dataat · resign |
[ ANÁLISIS IA · 1 CRÉDITO ]
¿Qué pasó realmente en esta partida?
Wolo.gg analiza cada decisión: build order, eco, micro, errores típicos por bracket. Análisis personalizado por WhatsApp o Discord en 30 segundos.
Guía civ
Polacos
Guía mapa
Arabia
Perfil
electricwar1755